3AA
YAKIMA HOPS @ RICHLAND RAILS
08/21/2034
 
TOP OF THE 1ST
Yakima Hops batting - Pitching for Richland Rails : LHP Markus Widner
Pitching: LHP Markus Widner
Batting: RHB Sergio Torres 0-0: Ball
1-0: Called Strike
1-1: Called Strike
1-2: Ball
2-2: Ball
3-2: Ground out 1-3 (Groundball, 13S)
Batting: RHB Bob Houghton 0-0: Ground out 5-3 (Groundball, 56)
Batting: RHB Luis León 0-0: Foul Ball, location: 2F
0-1: SINGLE (Groundball, 4D)
Batting: LHB Gustavo Deleón 0-0: Ball
1-0: Called Strike
1-1: Foul Ball, location: 2F
1-2: Fly out, F7 (Flyball, 7S)
Top of the 1st over - 0 runs, 1 hit, 0 errors, 1 left on base; Yakima 0 - Richland 0
BOTTOM OF THE 1ST
Richland Rails batting - Pitching for Yakima Hops : LHP José Vélez
Pitching: LHP José Vélez
Batting: RHB Hsui-chuan Hong 0-0: SINGLE (Line Drive, 4D)
Batting: LHB Alje de Gast 0-0: Ball
1-0: Called Strike
1-1: Swinging Strike
1-2: Foul Ball, location: 2F
1-2: Ball
2-2: Strikes out swinging
Batting: RHB Luo-lang Li 0-0: Fly out, F5 (Popup, 6S)
Batting: RHB José Vargas 0-0: Swinging Strike
0-1: Ball
1-1: Ball
2-1: Fielders Choice at 2nd, 6-4 (Groundball, 6)
Bottom of the 1st over - 0 runs, 1 hit, 0 errors, 1 left on base; Yakima 0 - Richland 0
TOP OF THE 2ND
Yakima Hops batting - Pitching for Richland Rails : LHP Markus Widner
Batting: RHB Lee Scrooby 0-0: Ball
1-0: Foul Ball, location: 2F
1-1: SINGLE (Flyball, 78S)
Batting: LHB Wulf Paauwe 0-0: Ball
1-0: Swinging Strike
1-1: Ball
2-1: Foul Ball, location: 2F
2-2: Ball
3-2: Fielders Choice at 2nd, 3-6 (Groundball, 34)
Batting: RHB Nicholas Seal 0-0: Called Strike
0-1: Foul Ball, location: 2F
0-2: Foul Ball, location: 2F
0-2: SINGLE (Groundball, 4MD)
Wulf Paauwe to second
Batting: LHB Héctor Velázquez 0-0: Foul Ball, location: 2F
0-1: Ball
1-1: Fielders Choice at 2nd, 4-6 (Groundball, 4)
Wulf Paauwe to third
Batting: SHB Zack Murphy 0-0: Fly out, F6 (Popup, 6M)
Top of the 2nd over - 0 runs, 2 hits, 0 errors, 2 left on base; Yakima 0 - Richland 0
BOTTOM OF THE 2ND
Richland Rails batting - Pitching for Yakima Hops : LHP José Vélez
Batting: RHB Pedro Martínez 0-0: Ball
1-0: Ball
2-0: Ball
3-0: Called Strike
3-1: SINGLE (Line Drive, 4MD)
Batting: RHB Tak-wai Jia 0-0: Ball
1-0: Called Strike
1-1: Ball
2-1: Foul Ball, location: 2F
2-2: Foul Ball, location: 2F
2-2: Ground out 5-3 (Groundball, 56S)
Pedro Martínez to second
Batting: LHB Mike Zaugg 0-0: SINGLE (Groundball, 56D)
Pedro Martínez to third
Batting: RHB Frank Simon 0-0: Ball
1-0: Ball
2-0: Foul Ball, location: 2F
2-1: Ball
3-1: Grounds into double play, 6-4-3 (Groundball, 6)
Bottom of the 2nd over - 0 runs, 2 hits, 0 errors, 1 left on base; Yakima 0 - Richland 0
TOP OF THE 3RD
Yakima Hops batting - Pitching for Richland Rails : LHP Markus Widner
Batting: RHB Sergio Torres 0-0: Foul Ball, location: 2F
0-1: Foul Ball, location: 2F
0-2: Foul Ball, location: 2F
0-2: SINGLE (Groundball, 25) (infield hit)
Batting: RHB Bob Houghton 0-0: Ball
1-0: Ball
2-0: Called Strike
2-1: SINGLE (Line Drive, 8RS)
Sergio Torres to second
Batting: RHB Luis León 0-0: Ball
1-0: Fielders Choice at 2nd, 3-6 (Groundball, 34)
Sergio Torres to third
Batting: LHB Gustavo Deleón 0-0: Called Strike
0-1: Foul Ball, location: 2F
0-2: Ball
1-2: Strikes out looking
Batting: RHB Lee Scrooby 0-0: Swinging Strike
0-1: Foul Ball, location: 2F
0-2: Ball
1-2: Ball
2-2: Ball
3-2: Base on Balls
Luis León to second
Batting: LHB Wulf Paauwe 0-0: SINGLE (Flyball, 89S)
Sergio Torres scores
Luis León to third
Lee Scrooby to second
Runner from 3rd tries for Home, SAFE, no throw
Batting: RHB Nicholas Seal 0-0: Called Strike
0-1: Ball
1-1: Fielders Choice at 2nd, 4-6 (Groundball, 4MD)
Top of the 3rd over - 2 runs, 3 hits, 0 errors, 2 left on base; Yakima 2 - Richland 0
BOTTOM OF THE 3RD
Richland Rails batting - Pitching for Yakima Hops : LHP José Vélez
Batting: LHB Emosi Whiu 0-0: Ball
1-0: Fly out, F8 (Flyball, 8LS)
Batting: RHB Hsui-chuan Hong 0-0: Ball
1-0: Ball
2-0: Foul Ball, location: 2F
2-1: Ball
3-1: Base on Balls
Batting: LHB Alje de Gast 0-0: Called Strike
0-1: Ball
1-1: Ball
2-1: Called Strike
2-2: Fly out, F8 (Flyball, 8LD)
Batting: RHB Luo-lang Li 0-0: Ball
1-0: Called Strike
1-1: Called Strike
1-2: Ball
2-2: Ball
3-2: Foul Ball, location: 2F
3-2: Base on Balls
Hsui-chuan Hong to second
Batting: RHB José Vargas 0-0: Called Strike
0-1: Foul Ball, location: 2F
0-2: Ball
1-2: Ball
2-2: Foul Ball, location: 2F
2-2: Ball
3-2: Strikes out swinging
Bottom of the 3rd over - 0 runs, 0 hits, 0 errors, 2 left on base; Yakima 2 - Richland 0
TOP OF THE 4TH
Yakima Hops batting - Pitching for Richland Rails : LHP Markus Widner
Batting: LHB Héctor Velázquez 0-0: Fly out, F8 (Line Drive, 8RD)
Batting: SHB Zack Murphy 0-0: Foul Ball, location: 2F
0-1: Ball
1-1: Ground out 1-3 (Groundball, 15)
Batting: RHB Sergio Torres 0-0: Ball
1-0: Ball
2-0: Ball
3-0: Called Strike
3-1: Fly out, F9 (Flyball, 9LM)
Top of the 4th over - 0 runs, 0 hits, 0 errors, 0 left on base; Yakima 2 - Richland 0
BOTTOM OF THE 4TH
Richland Rails batting - Pitching for Yakima Hops : LHP José Vélez
Batting: RHB Pedro Martínez 0-0: Ball
1-0: Foul Ball, location: 2F
1-1: Ball
2-1: Foul Ball, location: 2F
2-2: Ball
3-2: SINGLE (Groundball, 56S) (infield hit)
Batting: RHB Tak-wai Jia 0-0: SINGLE (Line Drive, 5)
Pedro Martínez to second
Runner from 2nd tries for 3rd, SAFE, no throw
Batting: LHB Mike Zaugg 0-0: Called Strike
0-1: Ground out U3 (Groundball, 34S)
Pedro Martínez scores
Tak-wai Jia to second
Batting: RHB Frank Simon 0-0: Ball
1-0: Ball
2-0: Fly out, F9 (Flyball, 89D)
Batting: LHB Emosi Whiu 0-0: Foul Ball, location: 2F
0-1: Ball
1-1: Swinging Strike
1-2: Strikes out looking
Bottom of the 4th over - 1 run, 2 hits, 0 errors, 1 left on base; Yakima 2 - Richland 1
TOP OF THE 5TH
Yakima Hops batting - Pitching for Richland Rails : LHP Markus Widner
Batting: RHB Bob Houghton 0-0: SINGLE (Groundball, 56D)
Batting: RHB Luis León 0-0: Ball
1-0: Ball
2-0: SINGLE (Line Drive, 9S)
Bob Houghton to second
Batting: LHB Gustavo Deleón 0-0: Ball
Bob Houghton steals 3rd base
Luis León to second
1-0: Ball
2-0: Ball
3-0: Base on Balls
Pitching: RHP José Gómez
Batting: RHB Lee Scrooby 0-0: Ball
1-0: Ball
2-0: Ball
3-0: Called Strike
3-1: Base on Balls
Bob Houghton scores
Luis León to third
Gustavo Deleón to second
Batting: LHB Wulf Paauwe 0-0: Ball
1-0: Ball
2-0: Swinging Strike
2-1: Fly out, F8 (Flyball, 89D)
Runner from 3rd tags up, OUT at HOME
Gustavo Deleón to third
Lee Scrooby to second
Batting: RHB Nicholas Seal 0-0: Called Strike
0-1: Called Strike
0-2: Reached on error, E5 (Groundball, 5)
Gustavo Deleón scores
Lee Scrooby to third
Batting: LHB Héctor Velázquez 0-0: Called Strike
0-1: Called Strike
0-2: SINGLE (Line Drive, 7S)
Lee Scrooby scores
Nicholas Seal to second
Batting: SHB Zack Murphy 0-0: Called Strike
0-1: Fielders Choice at 2nd, 5-4 (Groundball, 56)
Top of the 5th over - 3 runs, 3 hits, 1 error, 2 left on base; Yakima 5 - Richland 1
BOTTOM OF THE 5TH
Richland Rails batting - Pitching for Yakima Hops : LHP José Vélez
Batting: RHB Hsui-chuan Hong 0-0: Foul Ball, location: 2F
0-1: Ball
1-1: Ball
2-1: Ground out 6-3 (Groundball, 6)
Batting: LHB Alje de Gast 0-0: Ball
1-0: Foul Ball, location: 2F
1-1: Fly out, F9 (Flyball, 89D)
Batting: RHB Luo-lang Li 0-0: Swinging Strike
0-1: Ground out 4-3 (Groundball, 4)
Bottom of the 5th over - 0 runs, 0 hits, 0 errors, 0 left on base; Yakima 5 - Richland 1
TOP OF THE 6TH
Yakima Hops batting - Pitching for Richland Rails : RHP José Gómez
Batting: RHB Sergio Torres 0-0: Hit by Pitch
Batting: RHB Bob Houghton 0-0: Bunted foul
0-1: Bunted foul
0-2: Fielders Choice at 2nd, 1-6 (Groundball, P)
Batting: RHB Luis León 0-0: Ball
1-0: Called Strike
1-1: Ball
2-1: Foul Ball, location: 2F
2-2: Ball
3-2: Base on Balls
Bob Houghton to second
Batting: LHB Gustavo Deleón 0-0: Swinging Strike
0-1: Foul Ball, location: 2F
0-2: Ball
1-2: SINGLE (Groundball, 3S) (infield hit)
Bob Houghton to third
Luis León to second
Batting: RHB Lee Scrooby 0-0: Ball
1-0: Foul Ball, location: 2F
1-1: Ball
2-1: Grounds into double play, 6-2-3 (Groundball, 6)
Top of the 6th over - 0 runs, 1 hit, 0 errors, 2 left on base; Yakima 5 - Richland 1
BOTTOM OF THE 6TH
Richland Rails batting - Pitching for Yakima Hops : LHP José Vélez
Batting: RHB José Vargas 0-0: Called Strike
0-1: Ball
1-1: Ball
2-1: Foul Ball, location: 2F
2-2: Foul Ball, location: 2F
2-2: Ball
3-2: Base on Balls
Batting: RHB Pedro Martínez 0-0: Ball
1-0: Ball
2-0: Called Strike
2-1: Ball
3-1: Base on Balls
José Vargas to second
Pitching: RHP Justin Furneaux
Batting: RHB Tak-wai Jia 0-0: Called Strike
0-1: Swinging Strike
0-2: Hit by Pitch
José Vargas to third
Pedro Martínez to second
Batting: LHB Mike Zaugg 0-0: Fly out, F7 (Flyball, 7D)
Runner from 3rd tags up, OUT at HOME
Pedro Martínez to third
Tak-wai Jia to second
Batting: RHB Frank Simon 0-0: Ball
1-0: Fly out, F9 (Flyball, 9S)
Bottom of the 6th over - 0 runs, 0 hits, 0 errors, 2 left on base; Yakima 5 - Richland 1
TOP OF THE 7TH
Yakima Hops batting - Pitching for Richland Rails : RHP José Gómez
Batting: LHB Wulf Paauwe 0-0: Called Strike
0-1: Ground out 4-3 (Groundball, 4)
Batting: RHB Nicholas Seal 0-0: Ball
1-0: Called Strike
1-1: Swinging Strike
1-2: Fly out, F9 (Flyball, 9D)
Batting: LHB Héctor Velázquez 0-0: SINGLE (Line Drive, 3L)
Batting: SHB Zack Murphy 0-0: Called Strike
Héctor Velázquez steals 2nd base
0-1: Called Strike
0-2: Ball
1-2: Ball
2-2: Foul Ball, location: 2F
2-2: Ball
3-2: SINGLE (Flyball, 9LS)
Héctor Velázquez to third
Héctor Velázquez scores
Batting: RHB Sergio Torres 0-0: Ball
1-0: Ball
2-0: Foul Ball, location: 2F
2-1: Swinging Strike
2-2: Ball
3-2: SINGLE (Groundball, 6MD)
Zack Murphy to second
Zack Murphy to third
Batting: RHB Bob Houghton 0-0: Ball
1-0: Called Strike
1-1: Ball
2-1: DOUBLE (Groundball, 5L)
Zack Murphy scores
Sergio Torres to third
Runner from 3rd tries for Home, SAFE, no throw
Batting: RHB Luis León 0-0: Ball
1-0: Swinging Strike
1-1: Ball
2-1: Ball
3-1: Foul Ball, location: 2F
3-2: Base on Balls
Pitching: RHP Francisco Floreado
Batting: LHB Gustavo Deleón 0-0: Ball
1-0: Ball
2-0: Fly out, F6 (Popup, 6MS)
Top of the 7th over - 3 runs, 4 hits, 0 errors, 2 left on base; Yakima 8 - Richland 1
BOTTOM OF THE 7TH
Richland Rails batting - Pitching for Yakima Hops : RHP Justin Furneaux
Batting: LHB Emosi Whiu 0-0: Called Strike
0-1: Ball
1-1: Foul Ball, location: 2F
1-2: Fly out, F5 (Popup, 56)
Batting: RHB Hsui-chuan Hong 0-0: Ball
1-0: Called Strike
1-1: Foul Ball, location: 2F
1-2: Fly out, F8 (Line Drive, 8LM)
Batting: LHB Alje de Gast 0-0: Ground out 3-1 (Groundball, 34S)
Bottom of the 7th over - 0 runs, 0 hits, 0 errors, 0 left on base; Yakima 8 - Richland 1
TOP OF THE 8TH
Yakima Hops batting - Pitching for Richland Rails : RHP Francisco Floreado
Batting: RHB Lee Scrooby 0-0: Foul Ball, location: 2F
0-1: Ball
1-1: Called Strike
1-2: Ball
2-2: Ground out 5-3 (Groundball, 56)
Pinch Hitting: RHB Vonne Navarrete 0-0: Ball
1-0: SOLO HOME RUN (Flyball, 7LD), Distance : 321 ft
Batting: RHB Nicholas Seal 0-0: Ball
1-0: Called Strike
1-1: Fly out, F9 (Flyball, 9D)
Batting: LHB Héctor Velázquez 0-0: Called Strike
0-1: Ball
1-1: Ball
2-1: Called Strike
2-2: Ball
3-2: Foul Ball, location: 2F
3-2: Base on Balls
Batting: SHB Zack Murphy 0-0: Called Strike
0-1: Ball
1-1: Ball
2-1: Ball
3-1: Base on Balls
Héctor Velázquez to second
Batting: RHB Sergio Torres 0-0: Ball
1-0: Foul Ball, location: 2F
1-1: Ball
2-1: Foul Ball, location: 2F
2-2: Ground out 5-3 (Groundball, 56S)
Top of the 8th over - 1 run, 1 hit, 0 errors, 2 left on base; Yakima 9 - Richland 1
BOTTOM OF THE 8TH
Richland Rails batting - Pitching for Yakima Hops : RHP Justin Furneaux
Now in RF: Vonne Navarrete
Batting: RHB Luo-lang Li 0-0: Ball
1-0: Ground out 3-1 (Groundball, 34)
Batting: RHB José Vargas 0-0: Ball
1-0: Swinging Strike
1-1: Ball
2-1: Ball
3-1: Base on Balls
Batting: RHB Pedro Martínez 0-0: Called Strike
0-1: Foul Ball, location: 2F
0-2: Ball
1-2: Strikes out swinging
Batting: RHB Tak-wai Jia 0-0: Ball
1-0: Swinging Strike
1-1: Swinging Strike
1-2: Fielders Choice at 2nd, 5-4 (Groundball, 56)
Bottom of the 8th over - 0 runs, 0 hits, 0 errors, 1 left on base; Yakima 9 - Richland 1
TOP OF THE 9TH
Yakima Hops batting - Pitching for Richland Rails : RHP Francisco Floreado
Batting: RHB Bob Houghton 0-0: Ball
1-0: Called Strike
1-1: Ball
2-1: SINGLE (Groundball, 6MD)
Batting: RHB Luis León 0-0: Ball
1-0: Foul Ball, location: 2F
1-1: Called Strike
1-2: Grounds into double play, 4-6-3 (Groundball, 4)
Batting: LHB Gustavo Deleón 0-0: Swinging Strike
0-1: Ball
1-1: SINGLE (Groundball, 6) (infield hit)
Batting: RHB Lee Scrooby 0-0: Ball
1-0: Ball
Gustavo Deleón steals 2nd base
2-0: Called Strike
2-1: Ball
3-1: Base on Balls
Batting: RHB Vonne Navarrete 0-0: Called Strike
0-1: Ball
1-1: SINGLE (Groundball, 56) (infield hit)
Gustavo Deleón to third
Lee Scrooby to second
Batting: RHB Nicholas Seal 0-0: Ground out 4-3 (Groundball, 4S)
Top of the 9th over - 0 runs, 3 hits, 0 errors, 3 left on base; Yakima 9 - Richland 1
BOTTOM OF THE 9TH
Richland Rails batting - Pitching for Yakima Hops : RHP Justin Furneaux
Now at 1B: Jeromy Gride
Now at 3B: George Hubbard
Batting: LHB Mike Zaugg 0-0: Ball
1-0: Ball
2-0: Foul Ball, location: 2F
2-1: Called Strike
2-2: Strikes out looking
Batting: RHB Frank Simon 0-0: Called Strike
0-1: Ball
1-1: Ground out 6-3 (Groundball, 6)
Batting: LHB Emosi Whiu 0-0: Ball
1-0: Ball
2-0: Ball
3-0: Called Strike
3-1: Foul Ball, location: 2F
3-2: Strikes out looking
Bottom of the 9th over - 0 runs, 0 hits, 0 errors, 0 left on base; Yakima 9 - Richland 1
Friday, March 29th, 2019 - OOTP Baseball 18.8 Build 76